 Dungeon Crawl Stone Soup version 0.30.0-5-g1a98f26d00 (webtiles) character file.

Game seed: 5054952868519017632

159 RascalDebosk the Magician (level 5, -1/38 HPs)
             Began as a Djinni Necromancer on May 9, 2023.
             Slain by a gnoll
             ... wielding a +0 spear
              (3 damage)
             ... on level 2 of the Dungeon.
             The game lasted 00:12:55 (2100 turns).

RascalDebosk the Magician (Djinni Necromancer)      Turns: 2100, Time: 00:12:55

Health: -1/38      AC:  2    Str:  7    XL:     5   Next: 68%
Gold:   129        EV: 12    Int: 18    God:
                   SH:  0    Dex: 14

rFire   + + .        (no weapon)
rCold   x . .        (no shield)
rNeg    . . .        a - +0 robe
rPois   ∞            (no helmet)
rElec   .            (no cloak)
rCorr   .            (no gloves)
SInv    .            (boots unavailable)
Will    .....        (no amulet)
Stlth   ++           (no ring)
HPRegen 0.26/turn    (no ring)
MPRegen 0.00/turn

%: infuse magic (-2 HP)
@: flying, very slightly contaminated
A: sickness immunity, fire resistance 2, cold vulnerability 1, float, innate
caster, HP casting, extra vitality 1
a: no special abilities


You were on level 2 of the Dungeon.
You visited 1 branch of the dungeon, and saw 2 of its levels.

You collected 129 gold pieces.

Inventory:

Armour
 a - a +0 robe (worn)
Scrolls
 c - a scroll of enchant weapon {unknown}
 e - a scroll of magic mapping {unknown}
 f - a scroll of blinking {unknown}
 g - 2 scrolls of poison {unknown}
 i - a scroll of identify {unknown}
 j - a scroll of teleportation {unknown}
 k - a scroll of fog {unknown}
Potions
 b - 2 potions of attraction {unknown}
 d - a potion of haste {unknown}
 h - a potion of magic {unknown}


   Skills:
 * Level 2.3 Fighting
 + Level 1.5 Armour
 - Level 2.1 Dodging
 - Level 1.5 Stealth
 * Level 4.4 Spellcasting


You knew the following spells:

 Your Spells              Type           Power      Damage    Failure   Level
a - Necrotise             Necr           80%        1d8       2%          1
b - Vampiric Draining     Necr           20%        2d7       7%          3
c - Animate Dead          Necr           20%        N/A       22%         4
d - Agony                 Necr           20%        N/A       52%         5
e - Beastly Appendage     Tmut           40%        N/A       2%          1
f - Wereblood             Tmut           20%        N/A       3%          2
Your spell library was empty.

Dungeon Overview and Level Annotations

Branches:
Dungeon (2/15)

Altars:
Zin


Innate Abilities, Weirdness & Mutations

You are immune to sickness and miasma.
You are immune to poison.
Your flesh is very heat resistant. (rF++)
You are vulnerable to cold. (rC-)
You float through the air rather than walking.
You learn spells naturally, not from books.
Your magical power is your life essence.
You have superior vitality. (+4 MHP)


Message History

Aiming: Necrotise (safe; 2% risk of failure)
Press: ? - help, Shift-Dir - straight line, f/p - gnoll
Aim: a gnoll, wielding a +0 spear (severely wounded, chance to affect: 84%)
The gnoll barely resists.
The gnoll closely misses you.
Casting: Necrotise (safe; 2% risk of failure)
Confirm with . or Enter, or press ? or * to list all spells.
Aiming: Necrotise (safe; 2% risk of failure)
Press: ? - help, Shift-Dir - straight line, f/p - gnoll
Aim: a gnoll, wielding a +0 spear (severely wounded, chance to affect: 84%)
The gnoll barely resists.
The gnoll barely misses you.
Casting: Necrotise (safe; 2% risk of failure)
Confirm with . or Enter, or press ? or * to list all spells.
Aiming: Necrotise (safe; 2% risk of failure)
Press: ? - help, Shift-Dir - straight line, f/p - gnoll
Aim: a gnoll, wielding a +0 spear (severely wounded, chance to affect: 84%)
The gnoll writhes in agony.
The gnoll hits you from afar with a +0 spear.
Casting: Necrotise (safe; 2% risk of failure)
Confirm with . or Enter, or press ? or * to list all spells.
Aiming: Necrotise (safe; 2% risk of failure)
Press: ? - help, Shift-Dir - straight line, f/p - gnoll
Aim: a gnoll, wielding a +0 spear (almost dead, chance to affect: 84%)
The gnoll writhes in agony!
You kill the gnoll!
The dead are walking!
Casting: Necrotise (safe; 2% risk of failure)
Confirm with . or Enter, or press ? or * to list all spells.
You can't see any susceptible monsters within range! (Use Z to cast anyway.) Unknown command.
The gnoll hits your gnoll skeleton with a +0 spear.
Your gnoll skeleton barely misses the gnoll.
The gnoll completely misses your gnoll skeleton.
A gnoll is nearby!
Your gnoll skeleton completely misses the gnoll.
The gnoll hits your gnoll skeleton with a +0 spear.
Your gnoll skeleton hits the gnoll.
The gnoll hits your gnoll skeleton with a +0 spear.
Your gnoll skeleton is destroyed!
The gnoll barely misses you.
Casting: Necrotise (safe; 2% risk of failure)
Confirm with . or Enter, or press ? or * to list all spells.
Aiming: Necrotise (safe; 2% risk of failure)
Press: ? - help, Shift-Dir - straight line, f - gnoll
Aim: a gnoll, wielding a +0 spear (lightly wounded, chance to affect: 84%)
The gnoll barely resists.
The gnoll hits you from afar with a +0 spear!
A gnoll comes into view. It is wielding a +0 spear.
The gnoll hits you with a +0 spear.
Casting: Necrotise (safe; 2% risk of failure)
Confirm with . or Enter, or press ? or * to list all spells.
Aiming: Vampiric Draining (dangerous; 7% risk of failure)
Press: ? - help, Shift-Dir - straight line, f/p - gnoll
Aim: a gnoll, wielding a +0 spear (lightly wounded)
You draw life force from the gnoll.
You feel life coursing into your body.
* * * LOW HITPOINT WARNING * * *
The gnoll barely misses you.
Casting: Vampiric Draining (dangerous; 7% risk of failure)
Confirm with . or Enter, or press ? or * to list all spells.
Aiming: Vampiric Draining (dangerous; 7% risk of failure)
Press: ? - help, Shift-Dir - straight line, f/p - gnoll
Aim: a gnoll, wielding a +0 spear (heavily wounded)
You draw life force from the gnoll!
You feel life coursing into your body. The gnoll hits you with a +0 spear!
* * * LOW HITPOINT WARNING * * *
Casting: Vampiric Draining (dangerous; 7% risk of failure)
Confirm with . or Enter, or press ? or * to list all spells.
Aiming: Vampiric Draining (dangerous; 7% risk of failure)
Press: ? - help, Shift-Dir - straight line, f/p - gnoll
Aim: a gnoll, wielding a +0 spear (almost dead)
You miscast Vampiric Draining.
You are very lightly contaminated with residual magic.
Nothing appears to happen.
* * * LOW HITPOINT WARNING * * *
The gnoll hits you with a +0 spear.
* * * LOW HITPOINT WARNING * * *
Casting: Vampiric Draining (dangerous; 7% risk of failure)
Confirm with . or Enter, or press ? or * to list all spells.
Aiming: Vampiric Draining (dangerous; 7% risk of failure)
Press: ? - help, Shift-Dir - straight line, f/p - gnoll
Aim: a gnoll, wielding a +0 spear (almost dead)
You draw life force from the gnoll!
You kill the gnoll!
You feel life coursing into your body.
* * * LOW HITPOINT WARNING * * *
The gnoll closely misses you.
A gnoll is nearby!
The gnoll hits you with a +0 spear.
* * * LOW HITPOINT WARNING * * *
You see here a +0 spear.
You barely miss the gnoll. The gnoll hits you but does no damage.
You hit the gnoll.
The gnoll is lightly wounded.
The gnoll barely misses you.
You closely miss the gnoll.
The gnoll is lightly wounded.
The gnoll closely misses you.
You hit the gnoll but do no damage.
The gnoll is lightly wounded.
The gnoll hits you with a +0 spear.
You die...

#.###........... #.#
#...#####...
#.###...........
#.......#.###.##
#####...#.###.##
#.###..#....... #.#
#........#.
##########.###..####..#.
#....)g@.....#..# #....
#.########.#.#..# #.###
#.#.#..# #..# #.#.#..#
#..# #......# #..#
#.#.#..# #..#
#.#.#..####..#
.########.#.#..##..).##
.....P....#.#..##.#....


You could see a gnoll.

Vanquished Creatures
  Natasha (twice) (D:2)
  2 gnolls (D:2)
  3 adders (D:2)
  A worm (D:2)
  3 ball pythons (D:2)
  A bat (D:2)
  3 endoplasms
  4 giant cockroaches
  3 goblins (D:1)
  3 hobgoblins (D:1)
  3 jackals (D:2)
  8 kobolds
  5 quokkas
  4 frilled lizards (D:1)
  4 rats
49 creatures vanquished.

Vanquished Creatures (collateral kills)
  An adder (D:2)
  A kobold (D:2)
2 creatures vanquished.

Grand Total: 51 creatures vanquished

Notes
Turn   | Place    | Note
-------+----------+-------------------------------------------
     0 | D:1      | RascalDebosk the Djinni Necromancer began the quest for the
                  | Orb.
     0 | D:1      | RascalDebosk set off with the following spells memorised:
                  | Necrotise, Vampiric Draining, Animate Dead, Agony.
     0 | D:1      | Reached XP level 1. HP: 15/15 MP: 0/0
   123 | D:1      | Reached XP level 2. HP: 19/21 MP: 0/0
   424 | D:1      | Reached XP level 3. HP: 24/25 MP: 0/0
   424 | D:1      | Learned a level 1 spell: Beastly Appendage
   497 | D:1      | Reached skill level 4 in Spellcasting
  1092 | D:2      | Found a glowing silver altar of Zin.
  1193 | D:2      | Noticed Natasha
  1198 | D:2      | Killed Natasha
  1199 | D:2      | Reached skill level 1 in Fighting
  1199 | D:2      | Reached XP level 4. HP: 28/32 MP: 0/0
  1298 | D:2      | Reached skill level 1 in Armour
  1339 | D:2      | Reached XP level 5. HP: 27/38 MP: 0/0
  1339 | D:2      | Learned a level 2 spell: Wereblood
  1717 | D:2      | Noticed Natasha
  1722 | D:2      | Killed Natasha
  2096 | D:2      | HP: 1/38 [gnoll/+0 spear (4)]
  2100 | D:2      | Slain by a gnoll

Illustrated notes

Levels and vault maps discovered:
D:1:      minmay_arrival_four_circles, layout_basic
D:2:      layout_basic, serial_forest, infiniplex_forest_end_2,
          infiniplex_forest_clump_tiny, infiniplex_forest_clump_curved,
          infiniplex_forest_lined_1, infiniplex_forest_side_room,
          infiniplex_forest_clump_medium, basic_altar, uniq_natasha

Skill      XL: |  1  2  3  4  5 |
---------------+----------------+-----
Spellcasting   | 4 |  4.4
Fighting       | 1 2 |  2.3
Armour         | 1 |  1.5
Dodging        | |  2.1
Stealth        | |  1.5

Action                     |  1- 3 |  4- 6 || total
---------------------------+-------+-------++-------
  Melee: Unarmed           |       |     4 ||     4
   Cast: Necrotise         |    65 |    41 ||   106
         Vampiric Draining |     1 |     5 ||     6
         Beastly Appendage |       |     1 ||     1
         Animate Dead      |       |     1 ||     1
 Armour: Robe              |     4 |     4 ||     8
  Dodge: Dodged            |     6 |    17 ||    23
